 Dungeon Crawl Stone Soup version 0.24.1 (webtiles) character file.

Game seed: 16063396385902837135, levelgen mode: deterministic

56 Peloso the Shield-Bearer (level 3, 0/33 HPs)
             Began as a Minotaur Fighter on Apr 5, 2020.
             Slain by an orc (1 damage)
             ... on level 3 of the Dungeon.
             The game lasted 00:02:30 (659 turns).

Peloso the Shield-Bearer (Minotaur Fighter)          Turns: 659, Time: 00:02:31

Health: 0/33       AC: 12    Str: 20    XL:     3   Next: 69%
Magic:  2/2        EV:  5    Int:  5    God:
Gold:   62         SH:  9    Dex: 10    Spells: 2/2 levels left

rFire    + + .     SeeInvis .   a - +0 long sword
rCold    . . .     Gourm    .   c - +0 shield
rNeg     . . .     Faith    .   g - +0 chain mail
rPois    .         Spirit   .   (helmet restricted)
rElec    .         Reflect  .   s - +0 cloak
rCorr    .         Harm     .   (no gloves)
MR       .....                  (no boots)
Stlth    ..........             (no amulet)
HPRegen  0.11/turn              k - ring of protection from fire
MPRegen  0.08/turn              (no ring)

@: no status effects
A: retaliatory headbutt, horns 2, iridescent scales 1, blurry vision 1, fire
resistance 1
a: no special abilities


You were on level 3 of the Dungeon.
You were not hungry.

You visited 1 branch of the dungeon, and saw 3 of its levels.

You collected 62 gold pieces.

Inventory:

Hand Weapons
 a - a +0 long sword (weapon)
Armour
 b - a +0 scale mail
 c - a +0 shield (worn)
 g - a +0 chain mail (worn)
 s - a +0 cloak (worn)
Jewellery
 k - a ring of protection from fire (left hand)
Wands
 q - a wand of enslavement (6)
Scrolls
 e - 2 scrolls of identify {unknown}
 h - a scroll of remove curse {unknown}
 i - 2 scrolls of enchant weapon {unknown}
 j - a scroll of noise {unknown}
 l - a scroll of teleportation {unknown}
 m - a scroll of fear {unknown}
 o - a scroll of fog {unknown}
Potions
 d - a potion of might
 n - 2 potions of haste
Comestibles
 f - 4 rations


   Skills:
 + Level 4.1 Fighting
 + Level 2.7 Long Blades
 + Level 4.4 Armour
 + Level 4.5 Shields


You had 2 spell levels left.
You didn't know any spells.
Your spell library was empty.

Dungeon Overview and Level Annotations

Branches:
Dungeon (3/15)

Altars:


Innate Abilities, Weirdness & Mutations

You reflexively headbutt those who attack you in melee.
You have a pair of horns on your head.
You are partially covered in iridescent scales. (AC +2)
Scrolls take you a little longer to read.
Your flesh is heat resistant. (rF+)


Message History

You feel less confused. The orc hits you but does no damage.
Something hits you but does no damage. x2
Unknown command.
You block the orc's attack. Something hits you.
* * * LOW HITPOINT WARNING * * *
The orc hits you but does no damage.
You hear some strange, mumbled words.
A magic dart appears from out of thin air!
The magic dart hits you.
* * * LOW HITPOINT WARNING * * *
An orc wizard appears from thin air!
Reactivating autopickup.
You block the orc's attack.
The orc wizard hits you but does no damage.
Unknown command.
Unknown command.
The orc hits you but does no damage.
The orc wizard hits you but does no damage.
The orc hits you.
You die...

####### .....
###..# #
#<#..######
....##.#.......#
..........†)....+
..!...####.o....#
#.###. #@o....# #
###+#..# ..# ..#
... #.## .# .#


You could see an orc wizard and an orc.

Vanquished Creatures
  2 adders (D:2)
  2 dart slugs (D:1)
  A leopard gecko (D:3)
  An orc (D:3)
  A bat (D:1)
  5 goblins
  6 hobgoblins (D:1)
  2 jackals (D:1)
  4 kobolds
  6 rats
30 creatures vanquished.

Vanquished Creatures (others)
  A leopard gecko (D:1)
1 creature vanquished.

Grand Total: 31 creatures vanquished

Notes
Turn   | Place    | Note
-------+----------+-------------------------------------------
     0 | D:1      | Peloso the Minotaur Fighter began the quest for the Orb.
     0 | D:1      | Reached XP level 1. HP: 19/19 MP: 0/0
   163 | D:1      | Reached XP level 2. HP: 27/27 MP: 1/1
   396 | D:1      | Reached XP level 3. HP: 28/33 MP: 2/2
   592 | D:2      | Gained mutation: Your flesh is heat resistant. (rF+)
                  | [potion of mutation]
   592 | D:2      | Gained mutation: Scrolls take you a little longer to read.
                  | [potion of mutation]
   592 | D:2      | Gained mutation: You are partially covered in iridescent
                  | scales. (AC +2) [potion of mutation]
   656 | D:3      | HP: 1/33 [something/magic dart (3)]
   659 | D:3      | Slain by an orc

Levels and vault maps discovered:
D:1:      lemuel_arrival_lava_pool, layout_rooms
D:2:      layout_rooms, old_standard_altar, first_ration,
          nemelex_spade_bored_becter
D:3:      layout_basic, overflow_temple_1_default

Skill      XL: |  1  2 |
---------------+-------+-----
Shields        | 4 |  4.5
Armour         | 4 |  4.4
Fighting       | 4 |  4.1
Long Blades    | |  2.7

Action                   || total
-------------------------++-------
Melee: Long sword        ||    87
       Headbutt          ||    15
  Use: Potion            ||     4
Armor: Chain mail        ||    83
Dodge: Dodged            ||    36
Block: Shield            ||    53
       Rpst.: Long sword ||     5
